 Dungeon Crawl Stone Soup version 0.19-a0-1091-g463c9de (webtiles) character file.

10485 Jmtri7 the Bludgeoner (level 11, -7/117 HPs)
             Began as an Ogre Monk on Aug 8, 2016.
             Was the Champion of Cheibriados.
             Shot with an arrow by a centaur (15 damage)
             ... on level 11 of the Dungeon.
             The game lasted 00:27:44 (8218 turns).

Jmtri7 the Bludgeoner (Ogre Monk)                   Turns: 8218, Time: 00:27:47

Health: -7/117     AC:  8    Str: 40 (41) XL:     11   Next: 62%
Magic:  11/11      EV: 12    Int: 27 (29) God:    Cheibriados [******]
Gold:   438        SH:  0    Dex: 26 (27) Spells: 0 memorised, 10 levels left

rFire  . . .     SeeInvis .     B - +2 giant spiked club
rCold  + . .     Gourm    .     b - +1 robe
rNeg   . . .     Faith    .     (shield currently unavailable)
rPois  .         Spirit   .     (helmet restricted)
rElec  .         Dismiss  .     u - +1 cloak
rCorr  .         Reflect  .     (gloves unavailable)
SustAt .         Harm     .     (boots unavailable)
MR     +....                    j - amulet of regeneration
Stlth  ++........               e - ring of protection from cold
                                (no ring)

@: mighty, brilliant, lethally poisoned (-7 -> -8), very slow
A: unfitting armour, iridescent scales 1, frail 1, regeneration 1, tough skin 1
a: Bend Time, Temporal Distortion, Slouch, Step From Time, Renounce Religion


You were on level 11 of the Dungeon.
You worshipped Cheibriados.
Cheibriados was exalted by your worship.
You were not hungry.

You visited 1 branch of the dungeon, and saw 11 of its levels.

You collected 438 gold pieces.

Inventory:

Hand Weapons
 B - a +2 giant spiked club (weapon)
Armour
 b - a +1 robe (worn)
 u - a +1 cloak (worn)
Jewellery
 e - a ring of protection from cold (right hand)
 j - an amulet of regeneration (around neck)
 y - an uncursed amulet of the gourmand
Wands
 d - a wand of flame (21/48)
 o - a wand of paralysis (18/24)
 r - a wand of iceblast (8/15)
 s - a wand of digging (13/24)
 t - a wand of polymorph (13/24)
 v - a wand of disintegration (10/24)
 A - a wand of slowing (23/48)
 C - a wand of iceblast (4/15)
Scrolls
 g - 2 scrolls of remove curse
 i - 8 scrolls of identify
 m - 6 scrolls of recharging
 n - a scroll of teleportation
Potions
 p - 2 potions of mutation
 x - 3 potions of might
 z - a potion of ambrosia {unknown}
Comestibles
 a - 3 beef jerkies
 c - 7 bread rations
 f - a royal jelly
 l - 6 meat rations
 D - 5 chunks of flesh


   Skills:
 + Level 14.9 Fighting
 - Level 16.9 Maces & Flails
 - Level 2.6 Dodging
 - Level 1.5 Stealth


You had 10 spell levels left.
You didn't know any spells.

Dungeon Overview and Level Annotations

Branches:
Dungeon (11/15)            Temple (0/1) D:6            Lair (0/6) D:8
    Orc (0/2) D:10

Altars:
Ashenzari
Cheibriados
Elyvilon
Hepliaklqana
Kikubaaqudgha
Nemelex Xobeh
Qazlal
Ru
Xom
Yredelemnul

Shops:
D:4 }

Annotations:
D:8 exclusion: orange crystal statue


Innate Abilities, Weirdness & Mutations

You are too large for most types of armour.
You have tough skin. (AC +1)
You are partially covered in iridescent scales. (AC +2)
You are frail. (-10% HP)
Your natural rate of healing is unusually fast.


Message History

You feel sick. The centaur hits you.
* * * LOW HITPOINT WARNING * * *
The centaur hits you but does no damage.
It was a potion of might.
You feel very mighty all of a sudden.
The centaur hits you but does no damage.
You spit the centaur like a pig!!!
You kill the centaur!
Cheibriados thoroughly appreciates the change of pace.
You feel sick.
The centaur wields a shortbow.
The centaur shoots an arrow.
The arrow barely misses you. The centaur closely misses you.
You barely miss the centaur. The centaur closely misses you.
You crush the centaur like a grape!!!
You kill the centaur!
Cheibriados thoroughly appreciates the change of pace.
The centaur wields a shortbow.
The centaur shoots an arrow.
The arrow closely misses you.
The centaur shoots an arrow.
The arrow hits you!
* * * LOW HITPOINT WARNING * * *
The centaur shoots an arrow.
The arrow hits you!
You die... ###### #()(<# ##@#.# #)### .cc

...##
..#.#
#..#.#
#..#.#
#. #.#


You could see 2 centaurs.

Vanquished Creatures
  A queen ant (D:10)
  The ghost of Thraspic the Grappler, a novice MiFi of Cheibriados (D:9)
  2 hill giants (D:10)
  An obsidian statue (D:8)
  Psyche (D:8)
  A troll (D:8)
  A meliai zombie (D:10)
  4 wraiths (D:7)
  A yak (D:8)
  A spriggan (D:7)
  2 hungry ghosts
  2 hippogriffs
  9 soldier ants (D:10)
  Duvessa (D:7)
  2 ice beasts
  An orc warrior (D:8)
  A phantom (D:6)
  A sky beast (D:9)
  6 ogres
  6 centaurs
  A necrophage (D:10)
  3 crocodiles (D:8)
  5 giant frogs
  Dowan (D:7)
  A scorpion (D:10)
  11 killer bees
  5 wights (D:10)
  5 crimson imps
  2 quasits
  4 jellies
  2 gnoll shamans
  5 hounds
  5 orc priests
  A giant frog skeleton (D:7)
  10 orc wizards
  An iguana (D:8)
  Ijyb (D:2)
  9 worker ants
  A hound zombie (D:6)
  2 howler monkey skeletons
  A worker ant zombie (D:5)
  9 gnolls
  2 river rats (D:8)
  7 adders
  An ooze (D:1)
  2 adder skeletons
  3 worms
  5 dart slugs
  7 giant geckos
  30 orcs
  A ball python (D:6)
  5 giant cockroaches
  8 goblins
  9 hobgoblins
  14 jackals
  8 kobolds
  7 quokkas
  16 bats
  11 giant newts
  A jackal zombie (D:7)
  37 rats
304 creatures vanquished.

Notes
Turn   | Place    | Note
-------+----------+-------------------------------------------
     0 | D:1      | Jmtri7 the Ogre Monk began the quest for the Orb.
     0 | D:1      | Reached XP level 1. HP: 24/24 MP: 1/1
    69 | D:1      | Reached XP level 2. HP: 24/33 MP: 2/2
   160 | D:1      | Reached skill level 5 in Fighting
   306 | D:1      | Reached XP level 3. HP: 38/42 MP: 3/3
   887 | D:2      | Reached XP level 4. HP: 50/52 MP: 4/4
   925 | D:2      | Noticed Ijyb
   949 | D:2      | Killed Ijyb
   967 | D:2      | Found a snail-covered altar of Cheibriados.
  1298 | D:2      | Reached XP level 5. HP: 62/62 MP: 5/5
  1368 | D:2      | Found a shattered altar of Ashenzari.
  1368 | D:2      | Found a sparkling altar of Nemelex Xobeh.
  1369 | D:2      | Found a hazy altar of Hepliaklqana.
  1410 | D:2      | Became a worshipper of Cheibriados the Contemplative
  1410 | D:2      | Reached * piety under Cheibriados
  1410 | D:2      | Reached ** piety under Cheibriados
  2282 | D:3      | Reached *** piety under Cheibriados
  2415 | D:4      | Reached XP level 6. HP: 47/74 MP: 6/6
  2512 | D:4      | Found a basalt altar of Yredelemnul.
  2850 | D:4      | Found Jiufae's Gadget Shop.
  3008 | D:4      | Found an ancient bone altar of Kikubaaqudgha.
  3263 | D:5      | Entered Level 5 of the Dungeon
  3422 | D:5      | Reached skill level 10 in Fighting
  3422 | D:5      | Reached XP level 7. HP: 71/85 MP: 7/7
  3439 | D:5      | Reached **** piety under Cheibriados
  3598 | D:5      | Reached skill level 5 in Maces & Flails
  3819 | D:6      | Reached skill level 6 in Maces & Flails
  3840 | D:6      | Reached skill level 7 in Maces & Flails
  3840 | D:6      | Reached XP level 8. HP: 96/96 MP: 8/8
  3887 | D:6      | Found a staircase to the Ecumenical Temple.
  4004 | D:6      | Reached skill level 8 in Maces & Flails
  4275 | D:6      | Reached skill level 9 in Maces & Flails
  4473 | D:6      | Found a stormy altar of Qazlal.
  4473 | D:6      | Found a sacrificial altar of Ru.
  4656 | D:6      | Reached skill level 10 in Maces & Flails
  4672 | D:6      | Reached ***** piety under Cheibriados
  4792 | D:7      | Noticed Duvessa
  4793 | D:7      | Noticed Dowan
  4798 | D:7      | Killed Duvessa
  4835 | D:7      | Reached skill level 11 in Maces & Flails
  4835 | D:7      | Reached XP level 9. HP: 98/102 MP: 9/9
  5018 | D:7      | Killed Dowan
  5226 | D:7      | Reached skill level 12 in Maces & Flails
  5248 | D:7      | HP: 5/102 [wraith (3)]
  5252 | D:7      | Reached skill level 13 in Maces & Flails
  5772 | D:8      | Reached ****** piety under Cheibriados
  5842 | D:8      | Reached skill level 14 in Maces & Flails
  5878 | D:8      | Found a staircase to the Lair.
  5929 | D:8      | Noticed an obsidian statue
  5931 | D:8      | Noticed Psyche
  5938 | D:8      | Killed Psyche
  5938 | D:8      | Reached XP level 10. HP: 100/111 MP: 10/10
  5939 | D:8      | Reached skill level 15 in Maces & Flails
  5963 | D:8      | Noticed a rust devil
  5965 | D:8      | Noticed an orange demon
  5965 | D:8      | Noticed an orange demon
  5969 | D:8      | Killed an obsidian statue
  6480 | D:8      | Reached skill level 16 in Maces & Flails
  6514 | D:8      | Noticed an orange crystal statue
  6659 | D:8      | Found a shimmering altar of Xom.
  6852 | D:9      | Gained mutation: You are frail. (-10% HP) [mutagenic meat]
  6854 | D:9      | Lost mutation: You are frail. (-10% HP) [potion of cure mutation]
  6883 | D:9      | Noticed Thraspic's ghost (novice MiFi)
  6903 | D:9      | Killed Thraspic's ghost
  7155 | D:9      | Found a white marble altar of Elyvilon.
  7564 | D:10     | Entered Level 10 of the Dungeon
  7635 | D:10     | Reached XP level 11. HP: 100/123 MP: 11/11
  7751 | D:10     | Noticed a hill giant
  7757 | D:10     | Killed a hill giant
  7920 | D:10     | Noticed a hill giant
  7923 | D:10     | Found a staircase to the Orcish Mines.
  7927 | D:10     | Killed a hill giant
  8160 | D:10     | Noticed a queen ant
  8177 | D:10     | Killed a queen ant
  8212 | D:11     | Gained mutation: You are frail. (-10% HP) [potion of mutation]
  8212 | D:11     | Gained mutation: You are partially covered in iridescent scales. (AC +2) [potion of mutation]
  8212 | D:11     | Gained mutation: Your natural rate of healing is unusually fast. [potion of mutation]
  8218 | D:11     | Shot with an arrow by a centaur

Vault maps used:
D:1:      lemuel_arrival_broad_hall, minmay_door_square
D:2:      gammafunk_temple_overflow_claw, kennysheep_slug_shrine, first_bread,
          minmay_rat_hole, uniq_iyjb
D:3:      minmay_misc_feat_tiny
D:4:      kb_forest_paths, nicolae_overflow_hidden_temple, marbit_many_paths,
          serial_shops, nicolae_shop_window_shopping
D:5:      kennysheep_generic_room_13
D:6:      amethyst_overflow_temple_binary
D:7:      the_bakery, corexii_leaking_fountain, minmay_guarded_unrand_finisher,
          uniq_duvessa
D:8:      minmay_separated_statues, kennysheep_little_box,
          grunt_lair_entry_orc_guard_hut, uniq_psyche
D:9:      old_standard_altar, serial_aquarium, aquarium_bridge_square,
          aquarium_window_fake, aquarium_window_1, aquarium_window_corner,
          aquarium_view_2g, aquarium_view_2b
D:10:     orc_0_dummy, hangedman_abyss_or_decor_jellyfish_corner, minivault_29
D:11:     uniq_snorg

Skill      XL: |  1  2  3  4  5  6  7  8  9 10 11 |
---------------+----------------------------------+-----
Fighting       | 5 6 7 8 10 12 14 | 14.9
Maces & Flails | 7 11 14 16 | 16.9
Dodging        | |  2.6
Stealth        | |  1.5

Action                   |  1- 3 |  4- 6 |  7- 9 | 10-12 || total
-------------------------+-------+-------+-------+-------++-------
Melee: Mace              |   100 |   264 |    15 |       ||   379
       Giant club        |       |       |    99 |       ||    99
       Giant spiked club |       |       |   189 |   212 ||   401
  Use: Scroll            |       |     7 |     5 |     5 ||    17
       Potion            |       |       |     6 |    12 ||    18
 Stab: Sleeping          |     2 |     5 |       |     2 ||     9
       Distracted        |       |     1 |       |       ||     1
  Eat: Chunk             |       |     6 |     4 |    10 ||    20
       Royal jelly       |       |       |       |     1 ||     1
Armor: Robe              |    30 |    82 |   118 |    57 ||   287
       Skin              |       |       |    66 |    28 ||    94
Dodge: Dodged            |    61 |   179 |   287 |   183 ||   710
